 Dungeon Crawl Stone Soup version 0.20.0-15-g7f486f2 (webtiles) character file.

50 Gargoyl the Skirmisher (level 3, -2/34 HPs)
             Began as a Minotaur Abyssal Knight on June 30, 2017.
             Was a Follower of Lugonu.
             Slain by Robin
             ... wielding a +2 dagger of venom
              (6 damage)
             ... on level 2 of the Dungeon.
             The game lasted 00:02:37 (1183 turns).

Gargoyl the Skirmisher (Minotaur Abyssal Knight)    Turns: 1183, Time: 00:02:38

Health: -2/34      AC:  9    Str: 16    XL:     3   Next: 55%
Magic:  3/3        EV:  7    Int:  9    God:    Lugonu [*.....]
Gold:   119        SH:  0    Dex: 10    Spells: 2/2 levels left

rFire    . . .     SeeInvis .   a - +1 hand axe
rCold    . . .     Gourm    .   (no shield)
rNeg     . . .     Faith    .   k - +0 chain mail
rPois    .         Spirit   .   (helmet restricted)
rElec    .         Reflect  .   (no cloak)
rCorr    .         Harm     .   (no gloves)
MR       .....                  (no boots)
Stlth    ..........             (no amulet)
Regen    0.2/turn               (no ring)
MPRegen  0.1/turn               (no ring)

@: lethally poisoned (-2 -> -42)
A: retaliatory headbutt, horns 2
a: Depart the Abyss, Renounce Religion


You were on level 2 of the Dungeon.
You worshipped Lugonu.
Lugonu was aware of your devotion.
You were not hungry.

You visited 1 branch of the dungeon, and saw 2 of its levels.
You visited the Abyss 1 time.

You collected 119 gold pieces.

Inventory:

Hand Weapons
 a - a +1 hand axe (weapon)
Missiles
 h - 7 javelins (quivered)
Armour
 k - a +0 chain mail (worn)
Scrolls
 d - 2 scrolls of remove curse
 e - a scroll of blinking
 f - 2 scrolls of identify
Comestibles
 b - a meat ration
 c - 2 bread rations
 i - a royal jelly


   Skills:
 + Level 4.6 Fighting
 + Level 3.1 Axes
 * Level 3.0 Armour
 + Level 1.2 Dodging
 * Level 2.0 Invocations


You had 2 spell levels left.
You didn't know any spells.

Dungeon Overview and Level Annotations

Branches:
Dungeon (2/15)

Altars:

Annotations:
D:2 Robin


Innate Abilities, Weirdness & Mutations

You reflexively headbutt those who attack you in melee.
You have a pair of horns on your head.


Message History

You closely miss Robin.
Robin is lightly wounded.
You feel very sick. Robin hits you with a dagger of venom.
You are more poisoned.
Robin hits you but does no damage.
You are more poisoned.
You aren't carrying any potions.
As you read the scroll labeled LAALEJ FANEO, it crumbles to dust.
You feel aware of your surroundings.
You sensed 1 altar.
It was a scroll of magic mapping.
You feel sick. Robin hits you with a dagger of venom.
* * * LOW HITPOINT WARNING * * *
You are more poisoned.
You hit Robin.
Robin is heavily wounded.
* * * LOW HITPOINT WARNING * * *
You feel very sick. Robin hits you with a dagger of venom.
You die...

****,,,,,,,,,*,.....$.......,,,**
,,**,,,,,,,.,,,,............,****
*,,,,,,,,,,..####.......!..#,* *
**,,,,,,,,,,...............#,** *
**,*,,,,,,,..##............#,,***
*,,*****,,,#....#..<)......##,**,
,,********,,,**#...(#..#.%...,**,
,***,,,,,,,,,,,#.........##**,,*,
,**,,******,,,.#@....(....#**,,,,
,,,,** #....g.......#....K,,,,
,**** #....##......#*....,,,, ,*
#....*#......#*,...,,,, ,*
#...,*#......#*****,,,, ,*
#..b,#.........,,,,,,,* **
#..,,#.#...####****,,,, ****
#..,,#.#.#.# **,,,,*
,,,********,,,,.,..#.* **,,,,,,


You could see Robin.

Vanquished Creatures
  An ooze (D:1)
  2 leopard geckos (D:1)
  A ball python (D:2)
  4 giant cockroaches (D:1)
  10 goblins
  7 hobgoblins (D:1)
  2 jackals (D:1)
  3 kobolds
  3 bats (D:1)
  2 frilled lizards
  A rat (D:1)
36 creatures vanquished.

Vanquished Creatures (others)
  4 toadstools (D:1)
4 creatures vanquished.

Grand Total: 40 creatures vanquished

Notes
Turn   | Place    | Note
-------+----------+-------------------------------------------
     0 | Abyss:1  | Gargoyl the Minotaur Abyssal Knight began the quest for the Orb.
     0 | Abyss:1  | Reached XP level 1. HP: 19/19 MP: 1/1
    34 | Abyss:2  | Found an ancient bone altar of Kikubaaqudgha.
    97 | Abyss:2  | Noticed a small abomination
   106 | Abyss:2  | Noticed a sun demon
   181 | Abyss:3  | Noticed a worldbinder
   183 | Abyss:3  | Noticed a merfolk siren
   183 | Abyss:3  | Noticed a merfolk siren
   192 | Abyss:3  | Noticed a merfolk siren
   199 | D:1      | Escaped the Abyss
   240 | D:1      | Reached skill level 4 in Fighting
   240 | D:1      | Reached XP level 2. HP: 20/27 MP: 2/2
   478 | D:1      | Reached * piety under Lugonu
   711 | D:1      | Reached XP level 3. HP: 33/34 MP: 3/3
   988 | D:2      | Noticed Robin
  1183 | D:2      | Slain by Robin

Skill      XL: |  1  2  3 |
---------------+----------+-----
Fighting       | 4 |  4.6
Invocations    | 2 |  2.0
Axes           | 3 |  3.1
Armour         | 3 |  3.0
Dodging        | |  1.2

Action                   || total
-------------------------++-------
Melee: Hand axe          ||    61
       Headbutt          ||     6
Invok: Depart the Abyss  ||     1
  Use: Scroll            ||     6
  Eat: Chunk             ||     1
Armor: Leather armour    ||    11
       Ring mail         ||    26
       Chain mail        ||    24
Dodge: Dodged            ||    59
